 Dungeon Crawl Stone Soup version 0.18-a0-1405-g73f4075 (webtiles) character file.

11428 gorblad the Fighter (level 11, -2/89 HPs)
             Began as a Demonspawn Fighter on Feb 24, 2016.
             Was a Priest of Dithmenos.
             Succumbed to Sonja's curare-tipped needle
             ... on level 10 of the Dungeon.
             The game lasted 00:20:48 (10956 turns).

gorblad the Fighter (Demonspawn Fighter)           Turns: 10956, Time: 00:20:48

Health: -2/89      AC: 22    Str: 20    XL:     11   Next: 49%
Magic:  9/9        EV:  7    Int: 10    God:    Dithmenos [***...]
Gold:   394        SH: 10    Dex: 12    Spells: 0 memorised, 10 levels left

rFire  . . .     SeeInvis .     a - +1 long sword
rCold  + . .     Gourm    .     e - +3 plate armour
rNeg   . . .     Faith    +     c - +0 shield
rPois  .         Spirit   .     (helmet unavailable)
rElec  .         Dismiss  .     (no cloak)
rCorr  .         Reflect  .     (no gloves)
SustAt .         Harm     .     (no boots)
MR     .....                    s - amulet of faith
Stlth  ..........               q - +2 ring of dexterity
                                p - +3 ring of evasion

@: lethally poisoned (-2 -> -57), slowed, wreathed by umbra, heavily drained,
very slow, not resistant to hostile enchantments, extremely unstealthy
A: horns 3, rough black scales 2, blink, cold resistance 1, foul stench 1, low
mp 1, sense surroundings 1, rot immunity
a: Blink, Shadow Step, Renounce Religion


You were on level 10 of the Dungeon.
You worshipped Dithmenos.
Dithmenos was most pleased with you.
You were near starving.

You visited 2 branches of the dungeon, and saw 11 of its levels.

You collected 394 gold pieces.

Inventory:

Hand Weapons
 a - a +1 long sword (weapon)
Armour
 c - a +0 shield (worn)
 e - a +3 plate armour (worn)
Jewellery
 b - an uncursed ring of ice
 p - a +3 ring of evasion (left hand)
 q - a +2 ring of dexterity (right hand)
 s - an amulet of faith (around neck)
Wands
 C - a wand of iceblast (8/15)
Scrolls
 d - a scroll of amnesia
 i - 4 scrolls of remove curse
 r - a scroll of recharging
 B - a scroll of magic mapping
Potions
 h - 3 potions of lignification
 k - 2 potions of flight
Books
 o - a book of Alchemy

   Spells                             Type                      Level
   a - Sublimation of Blood           Necromancy                   2
   b - Ignite Poison                  Fire/Transmutation/Poison    3
   c - Petrify                        Transmutation/Earth          4
   d - Alistair's Intoxication        Transmutation/Poison         5
   e - Irradiate                      Conjuration/Transmutation    5
 z - a book of Geomancy

   Spells                             Type                      Level
   a - Sandblast                      Earth                        1
   b - Passwall                       Transmutation/Earth          2
   c - Stone Arrow                    Conjuration/Earth            3
   d - Petrify                        Transmutation/Earth          4
   e - Lee's Rapid Deconstruction     Earth                        5
 A - a book of Debilitation

   Spells                             Type                      Level
   a - Corona                         Hexes                        1
   b - Slow                           Hexes                        2
   c - Gell's Gravitas                Hexes/Translocation          3
   d - Inner Flame                    Hexes/Fire                   3
   e - Cause Fear                     Hexes                        4
   f - Leda's Liquefaction            Hexes/Earth                  4
Comestibles
 f - 9 bread rations
 g - 8 meat rations
 j - a royal jelly
 l - 21 fruits
 m - 7 slices of pizza
 x - a beef jerky


   Skills:
 + Level 9.6(6.3) Fighting
 + Level 8.6(5.4) Long Blades
 + Level 9.0(5.7) Armour
 + Level 9.1(5.9) Shields


You had 10 spell levels left.
You didn't know any spells.

Dungeon Overview and Level Annotations

Branches:
Dungeon (10/15)            Temple (1/1) D:7            Lair (0/8) D:9
    Orc: D:9-12

Altars:
Ashenzari
Cheibriados
Dithmenos
Elyvilon
Fedhas
Gozag
Kikubaaqudgha
Makhleb
Nemelex Xobeh
Okawaru
Pakellas
Qazlal
Ru
Sif Muna
Trog
Vehumet
Xom
Yredelemnul
Zin
The Shining One

Annotations:
D:10 Sonja


Innate Abilities, Weirdness & Mutations

You have a pair of large horns on your head.
You are mostly covered in rough black scales (AC +7, Dex -2).
Your flesh is cold resistant.
You may emit foul miasma when damaged in melee.
You are immune to rotting.
You can translocate small distances at will.
Your magical capacity is low (-10% MP).
You passively map a small area around you.


Message History

Eat which item? (? for menu, Esc to quit)
Okay, then.
Read which item? (? for menu, Esc to quit)
Okay, then.
You are too injured to fight recklessly!
You are too injured to fight recklessly!
You are too injured to fight recklessly!
You are too injured to fight recklessly!
* * * LOW HITPOINT WARNING * * *
You feel very sick.
Sonja casts a spell.
Sonja blinks!
Sonja shoots a curare-tipped needle.
The curare-tipped needle hits you.
You are more poisoned.
You have difficulty breathing.
* * * LOW HITPOINT WARNING * * *
You feel as though you will be slow longer.
You see here a curare-tipped needle.
Unknown command.
You die...

* *, * , #+##########
########## .
.........####.....$..#
#
###+####.'.##†.......#
#, , , #.#.()((......#
# , , #.####.@.$....#
#, , #)# #........#
##########.#
#.>K.....#
.........(.#
#........#
###)########
##+####### #.# #.### ,
#...# ** #####'### *


You could see Sonja.

Vanquished Creatures
  Maud (D:10)
  Fannar (D:10)
  A hydra (D:8)
  Erica (D:9)
  The ghost of BenSoosneb the Carver, a novice HEIE (D:7)
  Pikel (D:4)
  A cyclops (D:7)
  A centaur zombie (D:10)
  A troll (D:9)
  Sigmund (D:5)
  A wyvern (D:9)
  7 yaks
  A hungry ghost (D:9)
  A hippogriff (D:9)
  A soldier ant (D:10)
  A water moccasin (D:9)
  The ghost of brucemayne the Ruffian, an amateur TrMo (D:4)
  4 sky beasts
  2 slaves (D:4)
  An ice beast (D:9)
  4 orc warriors
  2 necrophages (D:9)
  A phantom (D:9)
  3 ogres
  4 centaurs
  5 big kobolds
  Blork the orc (D:4)
  4 giant frogs
  A gnoll sergeant (D:8)
  A water moccasin zombie (D:8)
  A wyvern skeleton (D:6)
  3 scorpions
  6 killer bees (D:8)
  4 howler monkeys
  2 crimson imps
  A hound (D:10)
  A centaur skeleton (D:6)
  2 jellies
  6 orc priests
  A gnoll shaman (D:9)
  3 iguanas
  Natasha (thrice) (D:4)
  14 orc wizards
  8 worker ants
  2 sheep (D:8)
  A hound skeleton (D:7)
  A hound zombie (D:9)
  A howler monkey zombie (D:8)
  2 worker ant zombies
  16 gnolls
  10 adders
  4 oozes
  2 adder skeletons
  2 worms (D:2)
  3 dart slugs
  3 giant geckos
  30 orcs
  5 bats
  9 giant cockroaches
  6 goblins
  8 hobgoblins
  15 jackals
  4 quokkas
  2 ball pythons
  5 giant newts
  14 kobolds
  A quokka skeleton (D:7)
  7 rats
264 creatures vanquished.

Vanquished Creatures (others)
  An adder (D:4)
  A worm (D:4)
2 creatures vanquished.

Grand Total: 266 creatures vanquished

Notes
Turn   | Place    | Note
--------------------------------------------------------------
     0 | D:1      | gorblad the Demonspawn Fighter began the quest for the Orb.
     0 | D:1      | Reached XP level 1. HP: 18/18 MP: 1/1
   204 | D:1      | Gained mutation: You are partially covered in rough black scales (AC +4, Dex -1). [demonic ancestry]
   204 | D:1      | Reached XP level 2. HP: 16/24 MP: 2/2
   848 | D:1      | Gained mutation: You are immune to rotting. [demonic ancestry]
   848 | D:1      | Reached XP level 3. HP: 29/29 MP: 3/3
  1467 | D:2      | Reached XP level 4. HP: 28/35 MP: 4/4
  2032 | D:3      | Found a stormy altar of Qazlal.
  2086 | D:3      | Noticed an orc warrior
  2118 | D:3      | Killed an orc warrior
  2118 | D:3      | Gained mutation: You may emit foul miasma when damaged in melee. [demonic ancestry]
  2118 | D:3      | Reached XP level 5. HP: 26/42 MP: 5/5
  2359 | D:3      | Found a shimmering altar of Xom.
  2632 | D:3      | Gained mutation: You are mostly covered in rough black scales (AC +7, Dex -2). [demonic ancestry]
  2632 | D:3      | Reached XP level 6. HP: 37/48 MP: 6/6
  2965 | D:4      | Noticed Natasha
  2976 | D:4      | Killed Natasha
  3149 | D:4      | Noticed a slave
  3150 | D:4      | Noticed a slave
  3150 | D:4      | Noticed a slave
  3150 | D:4      | Noticed a slave
  3151 | D:4      | Noticed Pikel
  3164 | D:4      | Killed a slave
  3167 | D:4      | Killed a slave
  3178 | D:4      | Killed Pikel
  3178 | D:4      | Reached skill level 5 in Fighting
  3178 | D:4      | Reached XP level 7. HP: 5/56 MP: 7/7
  3502 | D:4      | Noticed Blork the orc
  3517 | D:4      | Killed Blork the orc
  3810 | D:4      | Reached skill level 5 in Armour
  3813 | D:4      | Reached skill level 5 in Shields
  3838 | D:4      | Gained mutation: Your flesh is cold resistant. [demonic ancestry]
  3838 | D:4      | Reached XP level 8. HP: 47/63 MP: 8/8
  3927 | D:4      | Noticed Natasha
  3941 | D:4      | Killed Natasha
  4067 | D:4      | Noticed brucemayne's ghost (amateur TrMo)
  4102 | D:4      | Killed brucemayne's ghost
  4386 | D:4      | Noticed Natasha
  4394 | D:4      | Killed Natasha
  4645 | D:5      | Entered Level 5 of the Dungeon
  4736 | D:5      | Found a deep blue altar of Sif Muna.
  4756 | D:5      | Noticed Sigmund
  4786 | D:5      | Killed Sigmund
  4786 | D:5      | Reached skill level 5 in Long Blades
  4889 | D:5      | Found a stormy altar of Qazlal.
  4891 | D:5      | Noticed an air elemental
  5577 | D:6      | Gained mutation: You have a pair of small horns on your head. [demonic ancestry]
  5577 | D:6      | Reached XP level 9. HP: 51/71 MP: 9/9
  5981 | D:6      | Found a bloodstained altar of Trog.
  5982 | D:6      | Found a snail-covered altar of Cheibriados.
  6077 | D:6      | Found a radiant altar of Vehumet.
  6419 | D:7      | Noticed BenSoosneb's ghost (novice HEIE)
  6468 | D:7      | Killed BenSoosneb's ghost
  6680 | D:7      | Noticed a cyclops
  6698 | D:7      | Killed a cyclops
  6791 | D:7      | Found a staircase to the Ecumenical Temple.
  6805 | D:7      | Found a blossoming altar of Fedhas.
  6860 | Temple   | Entered the Ecumenical Temple
  7061 | Temple   | Became a worshipper of Dithmenos the Shadowed
  7398 | D:7      | Reached * piety under Dithmenos
  7756 | D:7      | Found a sacrificial altar of Ru.
  7786 | D:7      | Gained mutation: You have a pair of horns on your head. [demonic ancestry]
  7786 | D:7      | Reached XP level 10. HP: 78/80 MP: 10/10
  8172 | D:8      | Reached ** piety under Dithmenos
  8565 | D:8      | Noticed a three-headed hydra
  8583 | D:8      | Gained mutation: Your magical capacity is low (-10% MP). [potion of mutation]
  8583 | D:8      | Gained mutation: You can translocate small distances at will. [potion of mutation]
  8583 | D:8      | Gained mutation: You passively map a small area around you. [potion of mutation]
  8589 | D:8      | Killed an 11-headed hydra
  9044 | D:9      | Found a staircase to the Lair.
  9117 | D:9      | Reached *** piety under Dithmenos
  9342 | D:9      | Noticed Erica
  9370 | D:9      | Killed Erica
  9635 | D:9      | Found a glowing silver altar of Zin.
  9788 | D:9      | Gained mutation: You have a pair of large horns on your head. [demonic ancestry]
  9788 | D:9      | Reached XP level 11. HP: 89/89 MP: 9/9
 10261 | D:10     | Entered Level 10 of the Dungeon
 10308 | D:10     | Noticed Fannar
 10347 | D:10     | Killed Fannar
 10617 | D:10     | Noticed Maud
 10652 | D:10     | Killed Maud
 10915 | D:10     | Noticed Sonja
 10956 | D:10     | Succumbed to Sonja's curare-tipped needle

Vault maps used:
D:1:      dpeg_arrival_erosion
D:3:      nicolae_overflow_crystal_walls, minmay_misc_feat_rows,
          minmay_misc_feat_nine_boxes, tgw_xom
D:4:      uniq_pikel, uniq_natasha, uniq_blork_the_orc
D:5:      lemuel_crystal_altar, first_bread, nicolae_qazlal_style_of_elements,
          uniq_sigmund
D:6:      vehumet_altar_wand_db, gammafunk_temple_overflow_pools,
          grunt_decor_one_mirror
D:7:      minmay_flawed_box, lemuel_crystal_altar,
          nicolae_ru_the_path_less_chosen, temple_fountains
D:8:      hangedman_ranch
D:9:      old_standard_altar, lair_0_dummy, uniq_erica
D:10:     orc_0_dummy, uniq_sonja, uniq_joseph, uniq_maud, uniq_fannar,
          uniq_gastronok
Temple:   circular_temple_12

Skill      XL: |  1  2  3  4  5  6  7  8  9 10 11 |
---------------+----------------------------------+-----
Long Blades    | 2 3 4 5 6 8 |  8.6
Shields        | 3 4 5 6 7 8 9 |  9.1
Armour         | 3 4 5 6 7 8 9 |  9.0
Fighting       | 4 5 6 7 9 |  9.6

Action                   |  1- 3 |  4- 6 |  7- 9 | 10-12 || total
-------------------------+-------+-------+-------+-------++-------
Melee: Long sword        |   132 |   228 |   553 |   469 ||  1382
  Use: Scroll            |     4 |       |     8 |     8 ||    20
       Potion            |       |     6 |     3 |    11 ||    20
 Stab: Confused          |       |       |     1 |       ||     1
       Invisible         |       |       |     2 |       ||     2
  Eat: Chunk             |     2 |     6 |    14 |     9 ||    31
       Fruit             |       |       |     3 |       ||     3
